 Dungeon Crawl Stone Soup version 0.29.1-15-g9cfb28693d (webtiles) character file.

Game seed: 16094928334744821787

286 Shungite the Chopper (level 6, 0/56 HPs)
             Began as a Minotaur Berserker on Mar 4, 2023.
             Was a Believer of Trog.
             Slain by a hound (2 damage)
             ... on level 5 of the Dungeon.
             The game lasted 00:04:29 (3533 turns).

Shungite the Chopper (Minotaur Berserker)           Turns: 3533, Time: 00:04:30

Health: 0/56       AC:  3    Str: 24    XL:     6   Next: 8%
Magic:  5/5        EV: 12    Int:  4    God:    Trog [**....]
Gold:   235        SH:  0    Dex:  9    Spells: 5/5 levels left

rFire   . . .      SeeInvis .   a - +0 hand axe
rCold   . . .      Faith    .   (no shield)
rNeg    . . .      Spirit   .   s - +0 leather armour
rPois   .          Reflect  .   (helmet restricted)
rElec   .          Harm     .   (no cloak)
rCorr   .          Rampage  .   (no gloves)
Will    .....                   (no boots)
Stlth   +.........              (no amulet)
HPRegen 0.18/turn               (no ring)
MPRegen 0.09/turn               (no ring)

@: no status effects
A: horns 2, retaliatory headbutt
a: Renounce Religion, Berserk, Trog's Hand


You were on level 5 of the Dungeon.
You worshipped Trog.
Trog was pleased with you.
You visited 1 branch of the dungeon, and saw 5 of its levels.

You collected 235 gold pieces.

Inventory:

Hand Weapons
 a - a +0 hand axe (weapon)
Armour
 s - a +0 leather armour (worn)
Scrolls
 b - a scroll of enchant armour {unknown}
 c - a scroll of blinking {unknown}
 g - a scroll of enchant weapon {unknown}
 j - 2 scrolls of teleportation {unknown}
 l - 2 scrolls of identify {unknown}
 o - a scroll of fear {unknown}
 q - a scroll of fog {unknown}
 r - 2 scrolls of noise {unknown}
Potions
 d - a potion of ambrosia {unknown}
 e - 2 potions of curing
 f - 3 potions of haste {unknown}
 h - a potion of brilliance {unknown}
 i - 2 potions of berserk rage {unknown}
 k - a potion of resistance {unknown}
 m - 2 potions of attraction {unknown}
 n - a potion of invisibility {unknown}
 p - 2 potions of might {unknown}


   Skills:
 + Level 5.4 Fighting
 + Level 5.4 Axes
 + Level 3.1 Armour
 + Level 3.9 Dodging
 + Level 1.2 Stealth


You had 5 spell levels left.
You didn't know any spells.
Your spell library was empty.

Dungeon Overview and Level Annotations

Branches:
Dungeon (5/15)             Temple (0/1) D:4

Altars:
Dithmenos
Okawaru
Uskayaw
Wu Jian


Innate Abilities, Weirdness & Mutations

You have a pair of horns on your head.
You reflexively headbutt those who attack you in melee.


Message History

You closely miss the gnoll. You headbutt the gnoll.
The gnoll is heavily wounded.
You hit the adder.
You feel sick. The adder closely misses you. The gnoll hits you with a +0 club!
* * * LOW HITPOINT WARNING * * *
A hound comes into view.
You slash the gnoll!
You kill the gnoll!
Trog accepts your kill.
You closely miss the adder.
You feel sick. The adder closely misses you. You furiously retaliate!
You headbutt the adder, but do no damage.
The adder closely misses you.
You hit the adder.
You kill the adder!
Trog accepts your kill.
You feel sick. The hound bites you.
* * * LOW HITPOINT WARNING * * *
You slash the hound! Your headbutt misses the hound.
The hound is heavily wounded.
You feel sick. The hound closely misses you.
You closely miss the hound. Your headbutt misses the hound.
The hound is moderately wounded.
You feel sick.
You are no longer poisoned.
The hound closely misses you. The hound bites you.
* * * LOW HITPOINT WARNING * * *
You hit the hound.
The hound is heavily wounded.
The hound misses you. The hound bites you but does no damage.
You hit the hound but do no damage.
The hound is heavily wounded.
The hound barely misses you.
You barely miss the hound. Your headbutt misses the hound.
The hound is heavily wounded.
The hound barely misses you. x2
You barely miss the hound.
The hound is heavily wounded.
The hound bites you.
You die...

###########.# #......#
#...........# #########
#.########### ..
##.############.######
#...................(
#.....#######....#.. ..
+.....'.........#.#....
##.....########)#)_.#
....>...........@#
.#.#.##########†)h#
.#.#.# <.$...... #.#.#
#.##...##(# #.#.# ...
#....# ... .#+#.# ....
. .# ... . .#


You could see a hound.

Vanquished Creatures
  A water moccasin (D:3)
  4 gnolls (D:5)
  6 adders
  A shadow imp (D:5)
  2 ufetubi (D:4)
  A worm (D:2)
  2 dart slugs (D:2)
  2 orcs
  10 endoplasms
  2 giant cockroaches
  5 goblins
  7 hobgoblins
  4 quokkas
  8 ball pythons
  3 bats
  4 frilled lizards
  A kobold (D:1)
  3 rats
66 creatures vanquished.

Notes
Turn   | Place    | Note
-------+----------+-------------------------------------------
     0 | D:1      | Shungite the Minotaur Berserker began the quest for the
                  | Orb.
     0 | D:1      | Reached XP level 1. HP: 19/19 MP: 0/0
   129 | D:1      | Reached XP level 2. HP: 19/27 MP: 1/1
   991 | D:2      | Reached XP level 3. HP: 30/33 MP: 2/2
  1054 | D:2      | Found a faded altar of an unknown god.
  1263 | D:2      | Reached ** piety under Trog
  1751 | D:3      | Reached XP level 4. HP: 41/41 MP: 3/3
  1854 | D:3      | Found a shadowy altar of Dithmenos.
  2132 | D:3      | Noticed a water moccasin
  2144 | D:3      | Killed a water moccasin
  2145 | D:3      | Reached skill level 5 in Fighting
  2145 | D:3      | Reached skill level 5 in Axes
  2145 | D:3      | Reached skill level 1 in Stealth
  2145 | D:3      | Reached XP level 5. HP: 10/48 MP: 4/4
  2690 | D:4      | Found a staircase to the Ecumenical Temple.
  2873 | D:4      | Found a hide-covered altar of Uskayaw.
  3159 | D:4      | Found an ornate altar of the Wu Jian Council.
  3433 | D:5      | Entered Level 5 of the Dungeon
  3512 | D:5      | Found an iron altar of Okawaru.
  3525 | D:5      | Reached XP level 6. HP: 14/56 MP: 5/5
  3529 | D:5      | HP: 2/56 [poisoned by an adder]
  3533 | D:5      | Slain by a hound

Illustrated notes

Levels and vault maps discovered:
D:1:      zelgadis_glass_arrival_small, layout_loops_ring,
          minmay_misc_feat_more_columns
D:2:      layout_rooms, chequers_ecumenical_altar_island
D:3:      layout_loops_ring, mainiacjoe_overflow_cross_hatched
D:4:      layout_loops_ring, general_overflow_altar,
          nicolae_wu_jian_immortal_techniques,
          minmay_temple_entry_statues_fountains
D:5:      layout_basic, okawaru_metal_pillars_3, uniq_crazy_yiuf_cottage,
          uniq_edmund, uniq_ijyb, uniq_sigmund

Skill      XL: |  1  2  3  4 |
---------------+-------------+-----
Fighting       | 4 5 |  5.4
Axes           | 4 5 |  5.4
Dodging        | 3 |  3.9
Armour         | 3 |  3.1
Stealth        | 1 |  1.2

Action                   |  1- 3 |  4- 6 || total
-------------------------+-------+-------++-------
Melee: Hand axe          |    66 |    71 ||   137
       Headbutt          |     8 |    10 ||    18
       Punch             |       |     1 ||     1
  Use: Potion            |       |     1 ||     1
 Stab: Sleeping          |     1 |       ||     1
Armor: Animal skin       |    21 |     7 ||    28
       Leather armour    |       |    16 ||    16
Dodge: Dodged            |    54 |    81 ||   135
